Map: 10000 Feet LE

Players

llllllllllll (Ryung) - Winner!

  • Race: Terran Terran
  • League: Master
  • Spawn Location: 11:00

인공지능 칸 (아주 쉬움)

  • Race: Zerg Zerg
  • Spawn Location: 5:00

VOD

Have the link to the VOD?

Description

Time

  • Played on: Dec. 26, 2025, 4:45 a.m.
  • Length: 12:36
Show
View Real Time Build Order
Export as new Build Order

llllllllllll Terran - Winner!

Build Orders: Reaper Expand, Hellion Banshee 

Get SALT Encoding   

  12  0:00  SCV  
  13  0:12  SCV  
  14  0:17  Supply Depot  
  14  0:24  SCV  
  15  0:39  SCV  
  15  0:40  Barracks  
  16  0:44  Refinery  
  16  0:51  SCV  
  17  1:03  SCV  
  18  1:15  SCV  
  19  1:28  Reaper  
  19  1:29  Orbital Command  
  20  1:39  Command Center  
  20  1:49  Supply Depot  
  20  1:54  SCV  
  20  2:00  Marine  
  22  2:06  SCV  
  23  2:13  Factory  
  23  2:17  Refinery  
  23  2:18  SCV  
  23  2:21  Barracks Reactor  
  24  2:30  SCV  
  25  2:42  SCV  
  26  2:55  Orbital Command, SCV  
  27  3:00  Starport  
  27  3:06  Hellion  
  27  3:07  Hellion, Barracks Tech Lab  
  27  3:09  SCV  
  32  3:21  SCV x2  
  34  3:28  Hellion x2  
  34  3:31  Supply Depot  
  34  3:33  SCV x2  
  40  3:42  Cloaking Field, Banshee  
  40  3:44  Barracks Tech Lab  
  40  3:46  SCV x2  
  45  3:55  Supply Depot, Hellion x2  
  49  3:58  SCV x2  
  51  4:05  Stimpack  
  51  4:06  Marine  
  52  4:10  SCV x2  
  54  4:21  Command Center  
  54  4:25  SCV x2  
  54  4:27  Banshee  
  59  4:31  Factory Reactor  
  59  4:32  Supply Depot  
  59  4:37  SCV x2  
  61  4:39  Barracks  
  61  4:45  Barracks  
  61  4:46  Marine  
  62  4:53  Engineering Bay  
  62  4:54  SCV x2, Engineering Bay  
  62  4:55  Supply Depot  
  64  5:04  Marine  
  64  5:05  Refinery  
  64  5:06  SCV x2  
  67  5:07  Refinery  
  67  5:18  Supply Depot, SCV x2  
  69  5:21  Terran Infantry Weapons Level 1  
  69  5:22  Marine, Terran Infantry Armor Level 1  
  69  5:24  Siege Tank  
  73  5:30  SCV x2  
  73  5:32  Starport Reactor  
  75  5:41  Marine x4  
  79  5:43  Barracks  
  79  5:45  Barracks, Marine  
  79  5:48  Orbital Command  
  80  5:50  Combat Shield  
  80  5:55  Supply Depot  
  80  5:57  Siege Tank  
  80  5:59  SCV  
  80  6:00  SCV  
  80  6:04  Marine x3  
  85  6:05  Marine  
  85  6:06  Marine  
  85  6:08  Orbital Command  
  85  6:10  Medivac  
  92  6:11  Medivac  
  94  6:20  SCV x2  
  94  6:23  Supply Depot  
  94  6:24  Supply Depot, Marine x5  
  101  6:29  Siege Tank  
  104  6:33  Armory  
  104  6:34  Barracks Reactor  
  104  6:35  Barracks Reactor  
  104  6:38  SCV x3  
  107  6:50  Marine x5, SCV x2  
  107  6:53  Medivac  
  116  6:56  Medivac  
  116  6:58  SCV  
  116  6:59  Supply Depot  
  119  7:02  SCV x2  
  119  7:05  Supply Depot, Siege Tank  
  124  7:09  Supply Depot  
  124  7:10  Marine  
  125  7:20  Marine x5, SCV x3  
  133  7:25  Supply Depot  
  133  7:26  Marine x3  
  133  7:27  Supply Depot, Marine  
  137  7:32  SCV  
  138  7:38  Terran Infantry Armor Level 2, Marine x5  
  138  7:40  Terran Infantry Weapons Level 2  
  143  7:44  Marine x2  
  143  7:45  Supply Depot  
  143  7:47  Marine x2  
  147  7:54  Siege Tank  
  147  7:56  Marine x2  
  147  7:57  Marine x3  
  155  8:02  Supply Depot  
  155  8:07  Supply Depot  
  155  8:09  Medivac  
  155  8:10  Medivac  
  159  8:15  Supply Depot, Barracks  
  159  8:16  Barracks, Marine x2  
  159  8:17  Barracks, Marine  
  159  8:19  Marine  
  162  8:21  Marine  
  162  8:22  Supply Depot, Marine x4  
  168  8:27  Siege Tank  
  171  8:39  Medivac x2  
  175  8:42  Marine x3  
  175  8:43  Marine x3  
  175  8:44  Marine x2  
  183  8:54  Marine  
  184  8:59  Siege Tank, Command Center  
  184  9:00  Marine x4  
  191  9:03  Supply Depot  
  191  9:10  Marine x3  
  191  9:11  Marine x4  
  191  9:12  Marine  
  199  9:18  Marine  
  199  9:56  Terran Infantry Armor Level 3  
  199  9:58  Terran Infantry Weapons Level 3  
  199  10:24  Supply Depot  
  199  10:25  Supply Depot  
  199  11:02  Barracks Tech Lab  
  199  11:03  Barracks Tech Lab x2  
  199  11:30  Hellion x5  
  199  11:32  Hellion  
Show
View Real Time Build Order
Export as new Build Order

인공지능 칸 (아주 쉬움) Zerg 

Build Orders: Pool First 

Get SALT Encoding   

  12  0:01  Drone  
  13  0:12  Overlord  
  13  0:16  Drone  
  14  0:49  Overlord  
  14  0:52  Drone, Spawning Pool  
  14  0:53  Extractor  
  13  1:11  Hatchery  
  13  1:14  Drone  
  13  1:21  Drone  
  14  1:41  Queen  
  14  1:43  Zergling x2  
  17  1:47  Zergling x2  
  18  2:04  Roach Warren  
  18  2:06  Extractor  
  16  2:10  Drone  
  17  2:17  Drone  
  17  2:20  Zergling x2  
  19  2:26  Drone  
  20  2:33  Drone  
  21  2:40  Drone  
  22  2:47  Drone  
  23  2:54  Drone  
  24  3:01  Drone  
  25  3:07  Roach  
  25  3:09  Drone  
  28  3:16  Drone  
  29  3:23  Drone  
  29  3:25  Overlord  
  30  3:30  Drone  
  31  3:37  Drone  
  32  3:44  Drone  
  33  3:51  Roach  
  33  3:52  Drone  
  33  3:55  Lair  
  36  4:02  Drone  
  37  4:07  Overlord  
  37  4:10  Drone  
  38  4:17  Drone  
  39  4:25  Drone  
  40  4:32  Drone  
  40  4:34  Ravager  
  40  4:35  Roach  
  44  4:39  Drone  
  44  4:40  Overlord  
  45  4:46  Drone  
  46  4:53  Drone  
  46  4:55  Overseer x2  
  47  5:01  Drone  
  48  5:08  Drone  
  49  5:15  Drone  
  49  5:20  Extractor  
  49  5:22  Drone  
  49  5:25  Extractor  
  49  5:30  Drone  
  50  5:37  Drone  
  49  5:44  Drone  
  46  5:52  Drone  
  46  5:54  Roach, Ravager  
  50  5:59  Drone  
  51  6:37  Overseer, Overlord  
  50  8:07  Drone  
  50  8:14  Drone  
  50  8:21  Drone  
  50  8:28  Drone  
  50  8:30  Overseer, Overlord  
  50  8:34  Zergling x2  
  50  8:36  Drone  
  45  8:43  Drone  
  42  8:50  Drone  
  42  8:51  Queen  
  40  8:56  Overlord  
  40  8:57  Drone, Overseer  
  40  9:01  Overseer  
  39  9:05  Drone  
  27  9:12  Drone  
  27  9:16  Overlord  
  20  9:17  Zergling x2  
  20  9:19  Drone  
  20  9:20  Overseer  
  20  9:26  Drone  
  16  9:33  Drone  
  10  9:41  Drone  
  4  9:48  Drone  
  4  9:55  Drone  
  4  10:01  Roach  
  4  10:02  Drone  
  4  10:09  Drone  
Tags
 
Add a new tag
Caveats
  • Supply blocks, unpowered buildings, or Contaminate may cause inaccurate times.
  • Supply counts are checked every 10 seconds.